 Dungeon Crawl Stone Soup version 0.21.1-1-g345015fe64 (webtiles) character file.

62 Gargoyl the Skirmisher (level 3, -2/33 HPs)
             Began as a Centaur Abyssal Knight on May 8, 2018.
             Was a Believer of Lugonu.
             Slain by a gnoll
             ... wielding a +0 halberd
              (10 damage)
             ... on level 2 of the Dungeon.
             The game lasted 00:05:30 (1542 turns).

Gargoyl the Skirmisher (Centaur Abyssal Knight)     Turns: 1542, Time: 00:05:30

Health: -2/33      AC:  9    Str: 14    XL:     3   Next: 85%
Magic:  4/4        EV:  1    Int: 11    God:    Lugonu [**....]
Gold:   69         SH:  0    Dex:  9    Spells: 2/2 levels left

rFire    . . .     SeeInvis .   a - +1 hand axe
rCold    . . .     Gourm    .   (no shield)
rNeg     . . .     Faith    .   e - +1 plate armour
rPois    .         Spirit   .   (no helmet)
rElec    .         Reflect  .   (no cloak)
rCorr    .         Harm     .   (no gloves)
MR       .....                  (no barding)
Stlth    ..........             (no amulet)
HPRegen  0.11/turn              (no ring)
MPRegen  0.09/turn              (no ring)

@: very quick
A: large, hooves 3, deformed body, speed 2, tough skin 3
a: Depart the Abyss, Bend Space, Renounce Religion


You were on level 2 of the Dungeon.
You worshipped Lugonu.
Lugonu was pleased with you.
You were not hungry.

You visited 1 branch of the dungeon, and saw 2 of its levels.
You visited the Abyss 1 time.

You collected 69 gold pieces.

Inventory:

Hand Weapons
 a - a +1 hand axe (weapon)
Armour
 e - a +1 plate armour (worn)
Scrolls
 d - a scroll of teleportation
 f - a scroll of identify {unknown}
Potions
 b - a potion of agility {unknown}
Comestibles
 c - a ration


   Skills:
 + Level 3.8 Fighting
 + Level 2.5 Axes
 * Level 1.8 Armour
 + Level 0.6 Dodging
 * Level 2.2 Invocations


You had 2 spell levels left.
You didn't know any spells.

Dungeon Overview and Level Annotations

Branches:
Dungeon (2/15)

Altars:


Innate Abilities, Weirdness & Mutations

You have hooves in place of feet.
Armour fits poorly on your strangely shaped body.
You cover ground very quickly.
You have extremely tough skin. (AC +3)


Message History

You climb upwards.
There is a stone staircase leading down here.
You start resting.
You are feeling very hungry.
You eat one of the 2 rations.
That ration really hit the spot!
You start resting.
HP restored.
You climb downwards.
The gnoll hits you but does no damage. The gnoll hits you with a spear.
The gnoll hits you with a halberd! The gnoll hits you with a spear.
There is a stone staircase leading up here.
You hit the gnoll. You kick the gnoll!
The gnoll is severely wounded.
You hit the gnoll but do no damage.
The gnoll hits you from afar with a halberd.
The gnoll hits you with a halberd!
* * * LOW HITPOINT WARNING * * *
The gnoll hits you but does no damage.
The gnoll hits you from afar with a halberd!
You die...

### #.. #######.#
.......######## #
##.....##.....## #.#
##..............#...#
#.......@.(..(.......
#.....g<).$......#
#.....gg..()(....#
#................#
..........[.%..$.#.
#...................
##...............#...
#..............### ..
#.##.....###.### .


You could see 3 gnolls.

Vanquished Creatures
  An adder (D:2)
  An ooze (D:1)
  A dart slug (D:1)
  2 leopard geckos (D:1)
  3 giant cockroaches (D:1)
  7 goblins (D:1)
  4 hobgoblins
  2 quokkas
  5 bats (D:1)
  6 frilled lizards
  5 kobolds
  9 rats
46 creatures vanquished.

Notes
Turn   | Place    | Note
-------+----------+-------------------------------------------
     0 | Abyss:1  | Gargoyl the Centaur Abyssal Knight began the quest for the Orb.
     0 | Abyss:1  | Reached XP level 1. HP: 19/19 MP: 2/2
    60 | Abyss:2  | Found a corrupted altar of Lugonu.
   101 | Abyss:2  | Noticed a smoke demon
   106 | Abyss:2  | Noticed a spatial vortex
   110 | D:1      | Escaped the Abyss
   127 | D:1      | Reached XP level 2. HP: 21/26 MP: 3/3
   180 | D:1      | Reached * piety under Lugonu
   580 | D:1      | Reached XP level 3. HP: 30/33 MP: 4/4
   944 | D:2      | Reached ** piety under Lugonu
  1542 | D:2      | Slain by a gnoll

Skill      XL: |  1  2 |
---------------+-------+-----
Axes           | 2 |  2.5
Fighting       | |  3.8
Armour         | |  1.8
Dodging        | |  0.6
Invocations    | |  2.2

Action                   || total
-------------------------++-------
Melee: Hand axe          ||   109
       Kick              ||    13
Invok: Depart the Abyss  ||     1
  Use: Scroll            ||     3
       Potion            ||     1
  Eat: Ration            ||     1
Armor: Plate armour      ||   219
Dodge: Dodged            ||     7
